 Dungeon Crawl Stone Soup version 0.28.0-45-g0d030f2227 (webtiles) character file.

Game seed: 1174967976145292874

26953 RatCamp the Severer (level 13, -3/119 HPs)
             Began as a Minotaur Berserker on Apr 26, 2022.
             Was an Elder of Trog.
             Slain by a skeletal warrior
             ... wielding a +0 glaive
             ... led by a skeletal warrior
              (21 damage)
             ... on level 14 of the Dungeon.
             The game lasted 00:24:14 (16394 turns).

RatCamp the Severer (Minotaur Berserker)           Turns: 16394, Time: 00:24:16

Health: -3/119     AC: 24    Str: 28    XL:     13   Next: 1%
Magic:  22/22      EV: 11    Int:  9    God:    Trog [****..]
Gold:   1127       SH:  5    Dex: 13    Spells: 12/12 levels left

rFire   + . .      SeeInvis .   s - +1 war axe
rCold   + . .      Faith    .   (no shield)
rNeg    . . .      Spirit   .   h - +2 plate armour
rPois   +          Reflect  +   L - +3 hat of Pondering {ponderous, Will+ MP+10 Int+5}
rElec   +          Harm     .   A - +2 cloak
rCorr   +          Rampage  .   (no gloves)
Will    ++...                   (no boots)
Stlth   ..........              D - amulet of reflection
HPRegen 0.29/turn               C - ring of Orhuacrar {Fly Will+ Dex+4}
MPRegen 0.18/turn               K - ring of resist corrosion

@: silenced, resistant, on berserk cooldown, flying, slowed, very slow
A: horns 2, retaliatory headbutt
a: Renounce Religion


You were on level 14 of the Dungeon.
You worshipped Trog.
Trog was greatly pleased with you.
You visited 1 branch of the dungeon, and saw 14 of its levels.

You collected 1127 gold pieces.

Inventory:

Hand Weapons
 a - a +0 hand axe
 s - a +1 war axe (weapon)
 t - a +0 vorpal hand axe
Missiles
 b - 20 boomerangs (quivered)
 r - 2 throwing nets
Armour
 h - a +2 plate armour (worn)
 p - a +2 scale mail of cold resistance
 A - a +2 cloak (worn)
 L - the +3 hat of Pondering (worn) {ponderous, Will+ MP+10 Int+5}
   (You took it off Gastronok on level 12 of the Dungeon)

   Int:       It affects your intelligence (+5).
   MP:        It affects your magic capacity (+10).
   Will:      It increases your willpower.
Jewellery
 y - a ring of magical power
 C - the ring of Orhuacrar (left hand) {Fly Will+ Dex+4}
   (You found it on level 8 of the Dungeon)

   [ring of flight]

   Dex:       It affects your dexterity (+4).
   Fly:       It grants you flight.
   Will:      It increases your willpower.
 D - an amulet of reflection (around neck)
 J - a ring of willpower
 K - a ring of resist corrosion (right hand)
Wands
 e - a wand of polymorph (12)
 g - a wand of iceblast (10)
 j - a wand of acid (27)
 v - a wand of flame (27)
 z - a wand of digging (3)
Scrolls
 k - 4 scrolls of teleportation
 l - a scroll of brand weapon {unknown}
 G - a scroll of blinking {unknown}
 H - a scroll of noise {unknown}
 I - 2 scrolls of identify
Potions
 d - 4 potions of brilliance
 m - 2 potions of mutation
 n - 2 potions of attraction
 o - 2 potions of ambrosia {unknown}
 q - 3 potions of magic
 u - a potion of invisibility {unknown}
 w - a potion of lignification
 x - 6 potions of flight
 B - 2 potions of degeneration {unknown}
 E - a potion of berserk rage {unknown}


   Skills:
 * Level 12.7 Fighting
 * Level 16.7 Axes
 + Level 1.2 Throwing
 * Level 13.7 Armour
 * Level 8.7 Dodging
 + Level 1.3 Stealth
 + Level 2.4 Shields
 - Level 0.1 Unarmed Combat


You had 12 spell levels left.
You didn't know any spells.
Your spell library was empty.

Dungeon Overview and Level Annotations

Branches:
Dungeon (14/15)            Temple (0/1) D:5            Lair (0/6) D:10
    Orc (0/2) D:11         Vaults (0/5) D:13

Altars:
Uskayaw
The Shining One

Shops:
D:2 [   D:5 *

Portals:
Trove: D:10 (give +4 ice dragon scales)

Annotations:
D:14 Roxanne


Innate Abilities, Weirdness & Mutations

You have a pair of horns on your head.
You reflexively headbutt those who attack you in melee.


Message History

The skeletal warrior is severely damaged.
You slash the skeletal warrior!
The skeletal warrior hits you with a +0 battleaxe!
* * * LOW HITPOINT WARNING * * *
The skeletal warrior hits you from afar with a +0 glaive!
* * * LOW HITPOINT WARNING * * *
You feel a strong urge to attack something.
You are no longer berserk.
You are exhausted.
You feel yourself slow down.
You block the skeletal warrior's attack.
You feel better. The skeletal warrior barely misses you.
Unknown command.
You feel protected.
The skeletal warrior hits you with a +0 hand axe.
* * * LOW HITPOINT WARNING * * *
You block the skeletal warrior's attack.
Read: scroll of silence
Press: ? - help, Q - select action, (/) - cycle Dir - look around, f - activate
As you read the scroll of silence, it crumbles to dust.
A profound silence engulfs you.
The skeletal warrior hits you but does no damage.
You block the skeletal warrior's attack.
The skeletal warrior hits you with a +0 battleaxe.
* * * LOW HITPOINT WARNING * * *
The skeletal warrior hits you from afar with a +0 glaive!
* * * LOW HITPOINT WARNING * * *
You barely miss the skeletal warrior.
The skeletal warrior is heavily damaged.
You barely miss the skeletal warrior.
The skeletal warrior completely misses you.
You furiously retaliate!
You headbutt the skeletal warrior!
The skeletal warrior hits you but does no damage. x2
You hit the skeletal warrior but do no damage.
You headbutt the skeletal warrior.
The skeletal warrior is heavily damaged.
You barely miss the skeletal warrior.
You block the skeletal warrior's attack.
The skeletal warrior hits you from afar with a +0 glaive!!
You die...

..................##.##.8.....#..
.................># ..........###
.................## .........##
.................# .........#
.................###.........#
..........#.....#...........##
..........#.....#.?....#.
........#.#............#
........#####.#.@z.....#
#####z###.## #.Jz..## ##.....#
#.....## #...### ....[z.)..#
.......#.<# .......####


You could see 3 skeletal warriors and a slime creature.

Vanquished Creatures
  Gastronok (D:12)
  A slime creature (D:14)
  Harold (D:7)
  A hydra (D:11)
  2 centaur warriors
  2 tengu warriors (D:14)
  4 two-headed ogres
  A skeletal warrior (D:14)
  6 ugly things
  4 manticores
  4 cyclopes
  Maurice (D:8)
  A black mamba (shapeshifter) (D:14)
  A gargoyle (D:11)
  Maggie (D:6)
  2 unseen horrors
  2 trolls
  A hornet (D:7)
  Sigmund (D:2)
  A wraith (D:10)
  A shadow (D:9)
  A wyvern (D:7)
  15 yaks
  2 vampires
  Eustachio (D:6)
  A basilisk (D:14)
  7 vampire mosquitoes (D:12)
  Edmund (D:6)
  2 acid dragons
  2 ice beasts (D:5)
  6 orc warriors
  7 centaurs
  4 boggarts (D:13)
  2 black bears
  An ogre (D:7)
  Blork the orc (D:6)
  3 kobold brigands
  6 bullfrogs
  A water moccasin skeleton (D:7)
  7 howler monkeys
  10 killer bees (D:8)
  13 wights
  A troll skeleton (D:12)
  5 spriggan skeletons (D:12)
  3 centaur zombies
  8 orc priests
  A wyvern simulacrum (D:9)
  4 centaur skeletons
  2 gnoll shamans
  A hound (D:4)
  An iguana (D:6)
  2 jellies
  Ijyb (D:3)
  6 orc wizards
  A hound zombie (D:5)
  A hound skeleton (D:5)
  2 howler monkey zombies
  8 gnolls
  A howler monkey skeleton (D:9)
  7 adders
  A shadow imp (D:6)
  2 white imps
  2 adder skeletons (D:4)
  A worm (D:2)
  A dart slug (D:2)
  31 orcs
  6 ball pythons
  3 bats
  5 endoplasms
  A giant cockroach (D:1)
  6 goblins
  3 hobgoblins
  4 jackals
  3 quokkas
  5 frilled lizards
  39 kobolds
  3 rats
303 creatures vanquished.

Vanquished Creatures (collateral kills)
  A hydra (D:14)
1 creature vanquished.

Vanquished Creatures (others)
  19 plants (D:9)
  A withered plant (D:1)
20 creatures vanquished.

Grand Total: 324 creatures vanquished

Notes
Turn   | Place    | Note
-------+----------+-------------------------------------------
     0 | D:1      | RatCamp the Minotaur Berserker began the quest for the Orb.
     0 | D:1      | Reached XP level 1. HP: 19/19 MP: 0/0
   140 | D:1      | Found a faded altar of an unknown god.
   373 | D:1      | Reached skill level 4 in Axes
   428 | D:1      | Reached XP level 2. HP: 27/27 MP: 1/1
  1214 | D:2      | Reached XP level 3. HP: 33/33 MP: 2/2
  1395 | D:2      | Noticed Sigmund
  1401 | D:2      | Killed Sigmund
  1401 | D:2      | Reached ** piety under Trog
  1402 | D:2      | Reached skill level 6 in Axes
  1402 | D:2      | Reached XP level 4. HP: 36/41 MP: 3/3
  1402 | D:2      | Reached XP level 5. HP: 41/47 MP: 4/4
  1577 | D:2      | Reached skill level 5 in Fighting
  1860 | D:2      | Found Ytisel's Antique Armour Boutique.
  2005 | D:3      | Noticed Ijyb
  2013 | D:3      | Killed Ijyb
  2098 | D:3      | Reached XP level 6. HP: 42/56 MP: 5/5
  2578 | D:3      | You fall into a shaft and drop 2 floors!
  2578 | D:5      | Entered Level 5 of the Dungeon
  2578 | D:5      | Found Cyumpor's Elemental Accessories.
  2687 | D:5      | Noticed an ice beast
  2697 | D:5      | Killed an ice beast
  2698 | D:5      | Reached skill level 7 in Axes
  3014 | D:5      | Found a staircase to the Ecumenical Temple.
  3028 | D:5      | Reached XP level 7. HP: 62/62 MP: 6/6
  4002 | D:4      | Reached skill level 8 in Axes
  4007 | D:4      | Reached skill level 5 in Armour
  4600 | D:4      | Reached skill level 1 in Stealth
  4807 | D:6      | Reached XP level 8. HP: 70/70 MP: 7/7
  4812 | D:6      | Reached *** piety under Trog
  4817 | D:6      | Reached skill level 9 in Axes
  5039 | D:6      | Noticed Eustachio
  5061 | D:6      | Killed Eustachio
  5062 | D:6      | Reached skill level 10 in Axes
  5207 | D:6      | Noticed Edmund
  5216 | D:6      | Killed Edmund
  5338 | D:6      | Noticed Blork the orc
  5344 | D:6      | Killed Blork the orc
  5375 | D:6      | Noticed Maggie
  5393 | D:6      | Killed Maggie
  5394 | D:6      | Reached XP level 9. HP: 43/79 MP: 8/8
  6134 | D:7      | Reached skill level 11 in Axes
  6302 | D:7      | Found a glowing golden altar of the Shining One.
  6417 | D:7      | Noticed Harold
  6431 | D:7      | Killed Harold
  6432 | D:7      | Reached skill level 5 in Dodging
  6921 | D:7      | Reached skill level 12 in Axes
  7142 | D:8      | Noticed Maurice
  7183 | D:8      | Reached XP level 10. HP: 84/90 MP: 9/9
  7202 | D:8      | Killed Maurice
  7739 | D:8      | Noticed a manticore
  7753 | D:8      | Killed a manticore
  7756 | D:8      | Reached **** piety under Trog
  7757 | D:8      | Reached skill level 13 in Axes
  8028 | D:8      | Identified the ring of Orhuacrar {Fly Will+ Dex+4}
  8151 | D:8      | Reached skill level 1 in Throwing
  9582 | D:10     | Entered Level 10 of the Dungeon
  9741 | D:10     | Noticed a two-headed ogre
  9746 | D:10     | Killed a two-headed ogre
  9860 | D:10     | Found a staircase to the Lair.
  9877 | D:10     | Reached skill level 10 in Armour
  9880 | D:10     | Reached XP level 11. HP: 90/99 MP: 10/10
  9882 | D:10     | Reached skill level 14 in Axes
 10325 | D:10     | Found a portal to a secret trove of treasure.
 10689 | D:11     | Noticed a two-headed ogre
 10695 | D:11     | Reached skill level 10 in Fighting
 10708 | D:11     | Killed a two-headed ogre
 11080 | D:11     | Noticed a white ugly thing
 11081 | D:11     | Found a staircase to the Orcish Mines.
 11099 | D:11     | Killed a white ugly thing
 11199 | D:11     | Noticed a five-headed hydra
 11816 | D:11     | Killed a 14-headed hydra
 12414 | D:11     | Found a hide-covered altar of Uskayaw.
 12646 | D:12     | Reached skill level 15 in Axes
 12734 | D:12     | Reached skill level 1 in Shields
 12779 | D:12     | Noticed a two-headed ogre
 12786 | D:12     | Killed a two-headed ogre
 13371 | D:12     | Noticed Gastronok
 13386 | D:12     | Killed Gastronok
 13387 | D:12     | Reached XP level 12. HP: 110/110 MP: 11/11
 14104 | D:13     | Noticed a death knight
 14122 | D:13     | Noticed a centaur warrior
 14169 | D:13     | Noticed a centaur warrior
 14192 | D:13     | Killed a centaur warrior
 14524 | D:13     | Reached ***** piety under Trog
 14525 | D:13     | Reached skill level 16 in Axes
 14676 | D:13     | Found a gate to the Vaults.
 15102 | D:13     | Noticed a two-headed ogre
 15112 | D:13     | Killed a two-headed ogre
 15769 | D:14     | Noticed a six-headed hydra
 15774 | D:14     | Killed a seven-headed hydra
 15886 | D:14     | Identified Roxanne's Collected Works on Shape Shifting
 15886 | D:14     | Noticed Roxanne
 15942 | D:14     | Noticed a centaur warrior
 15957 | D:14     | Killed a centaur warrior
 16023 | D:14     | Noticed a tengu warrior
 16033 | D:14     | Killed a tengu warrior
 16039 | D:14     | Noticed a tengu warrior
 16052 | D:14     | HP: 5/113 [tengu warrior/+2 bardiche[a tengu warrior] (6)]
 16053 | D:14     | Killed a tengu warrior
 16083 | D:14     | Noticed an eight-headed hydra
 16380 | D:14     | Reached XP level 13. HP: 70/119 MP: 12/12
 16394 | D:14     | Slain by a skeletal warrior

Illustrated notes

Levels and vault maps discovered:
D:1:      sevenhm_arrival_forest_fort_large_2, layout_loops_ring,
          ebering_ecumenical_altar_petrified
D:2:      layout_loops_ring, serial_shops, nicolae_diamond_shop,
          uniq_crazy_yiuf_cottage, uniq_sigmund
D:3:      kennysheep_six_static_rooms, layout_rooms, uniq_ijyb
D:4:      layout_loops_ring
D:5:      layout_basic, minmay_temple_entry_stoned_glass, nicolae_elemental_shop
D:6:      layout_loops_ring, uniq_blork_the_orc, uniq_edmund, uniq_eustachio,
          uniq_maggie
D:7:      layout_loops_ring, lemuel_doored_altar, uniq_harold
D:8:      layout_cave_pools, uniq_maurice
D:9:      kennysheep_kobold_camp, layout_cave_pools, hangedman_weighted_door
D:10:     layout_irregular_city, lair_entry_dummy,
          nicolae_trove_entry_free_sample
D:11:     layout_basic, orc_david_3, eat_drink_and_be_merry_uskayaw
D:12:     layout_loops_ring, hangedman_tell_no_tales, uniq_gastronok
D:13:     layout_small_grid, david_vaults_1
D:14:     layout_cave_pools, uniq_roxanne

Skill      XL: |  1  2  3  4  5  6  7  8  9 10 11 12 |
---------------+-------------------------------------+-----
Axes           | 4 6 7 8 10 12 13 15 16 | 16.7
Fighting       | 4 5 6 7 8 9 11 12 | 12.7
Armour         | 3 5 6 8 10 11 13 | 13.7
Dodging        | 3 4 5 6 7 8 |  8.7
Stealth        | 1 |  1.3
Throwing       | 1 |  1.2
Shields        | 1 2 |  2.4
Unarmed Combat | |  0.1

Action                   |  1- 3 |  4- 6 |  7- 9 | 10-12 | 13-15 || total
-------------------------+-------+-------+-------+-------+-------++-------
Melee: Hand axe          |    50 |    86 |       |       |       ||   136
       Headbutt          |     5 |    20 |    40 |   123 |     3 ||   191
       Punch             |       |     2 |     1 |    11 |       ||    14
       War axe           |       |       |   201 |   556 |     7 ||   764
       Unarmed           |       |       |       |     3 |       ||     3
Throw: Boomerang         |       |     6 |       |     4 |       ||    10
Invok: Berserk           |       |       |     3 |    14 |       ||    17
       Trog's Hand       |       |       |     1 |     5 |       ||     6
       Brothers in Arms  |       |       |       |     1 |       ||     1
Evoke: Wand              |       |       |     2 |       |       ||     2
  Use: Scroll            |     2 |       |     7 |    17 |     1 ||    27
       Potion            |       |       |     3 |     5 |     2 ||    10
 Stab: Sleeping          |     1 |       |       |       |       ||     1
Armor: Plate armour      |    23 |    49 |    96 |   476 |     4 ||   648
       Animal skin       |     2 |       |       |       |       ||     2
       Skin              |       |       |       |     2 |       ||     2
Dodge: Dodged            |    21 |    33 |    90 |   306 |     2 ||   452
Block: Other             |       |       |       |    87 |     5 ||    92
       Reflection        |       |       |       |     8 |       ||     8
